 Dungeon Crawl Stone Soup version 0.28-a0-1184-g53156a8862 (webtiles) character file.

Game seed: 4931012552129453250

14 ytrimaz the Insei (level 2, -1/18 HPs)
             Began as an Octopode Transmuter on Dec 17, 2021.
             Slain by a hobgoblin (5 damage)
             ... on level 1 of the Dungeon.
             The game lasted 00:00:47 (933 turns).

ytrimaz the Insei (Octopode Transmuter)              Turns: 933, Time: 00:00:48

Health: -1/18      AC:  1    Str:  9    XL:     2   Next: 45%
Magic:  4/5        EV: 10    Int: 15    God:
Gold:   70         SH:  0    Dex: 12    Spells: 2/5 levels left

rFire   . . .      SeeInvis .     - Unarmed
rCold   . . .      Faith    .   (no shield)
rNeg    . . .      Spirit   .   (helmet currently unavailable)
rPois   .          Reflect  .   (no amulet)
rElec   .          Harm     .   (no ring)
rCorr   .          Rampage  .   (no ring)
Will    .....                   (no ring)
Stlth   ++........              (no ring)
HPRegen 0.06/turn               (no ring)
MPRegen 0.09/turn               (no ring)
                                (no ring)
                                (no ring)

@: appendages, constricted
A: tentacle spike 3, almost no armour, amphibious, 8 rings, camouflage 1,
gelatinous body 1, (nimble swimmer 1), tentacles
a: End Transformation


You were on level 1 of the Dungeon.
One of your tentacles had grown a beastly spike.
You visited 1 branch of the dungeon, and saw 1 of its levels.

You collected 70 gold pieces.

Inventory:

Potions
 a - a potion of flight


   Skills:
 * Level 1.2 Fighting
 * Level 2.1 Dodging
 + Level 3.2 Unarmed Combat
 * Level 2.3 Spellcasting
 * Level 2.1 Transmutations


You had 2 spell levels left.
You knew the following spells:

 Your Spells              Type           Power      Damage    Failure   Level
a - Beastly Appendage     Tmut           16%        N/A       9%          1
b - Wereblood             Tmut           8%         N/A       14%         2

Your spell library contained the following spells:

 Spells                   Type           Power      Damage    Failure   Level
 Spider Form              Tmut/Pois      4%         N/A       38%         3
 Ice Form                 Ice/Tmut       4%         N/A       80%         4


Dungeon Overview and Level Annotations

Branches:
Dungeon (1/15)

Altars:


Innate Abilities, Weirdness & Mutations

One of your tentacles has grown a beastly spike.
You cannot wear most types of armour.
You are amphibious.
You can wear up to eight rings at the same time.
Your skin changes colour to match your surroundings (Stealth+).
Your rubbery body absorbs attacks. (AC +1, EV +1)
((You are camouflaged near water. (Stealth+)))
You have tentacles for arms and can constrict up to eight enemies at once.


Message History

A hobgoblin is nearby!
You tentacle-slap the hobgoblin. You grab the hobgoblin.
The hobgoblin is moderately wounded.
You constrict the hobgoblin. The hobgoblin barely misses you.
You miscast Beastly Appendage.
You are very lightly contaminated with residual magic.
Nothing appears to happen.
You constrict the hobgoblin. The hobgoblin misses you.
You tentacle-slap the hobgoblin but do no damage.
The hobgoblin is severely wounded.
You constrict the hobgoblin.
You kill the hobgoblin!
You see here a hobgoblin corpse.
Your magical contamination has completely faded away.
You see here a hobgoblin corpse.
A quokka comes into view.
A quokka is nearby!
A quokka is nearby!
One of your tentacles grows a vicious spike.
A hobgoblin comes into view.
The hobgoblin shouts!
A ball python comes into view.
Found a stone staircase leading down.
The ball python hisses angrily.
The hobgoblin hits you. The ball python misses you.
The ball python closely misses you. The hobgoblin hits you.
The ball python bites you. The ball python closely misses you.
You tentacle-slap the hobgoblin but do no damage.
Your grab misses the hobgoblin. The hobgoblin hits you.
The ball python barely misses you. The ball python grabs you.
The ball python constricts you.
You tentacle-slap the hobgoblin but do no damage.
Your grab misses the hobgoblin. The hobgoblin hits you.
* * * LOW HITPOINT WARNING * * *
The ball python barely misses you. The ball python constricts you.
* * * LOW HITPOINT WARNING * * *
The ball python's grasp on you weakens, but your attempt to escape fails.
The hobgoblin hits you.
You die...

...........# ##.######
..###...#### #....>..#
..####.## #.#####.#
....##.# #†# #.#
.......# #### #..# #.##
....#### ##...# #..#
#... ..### #.....#
#..#####.## ..#
.......##### #....K...#
.##
......r@...###.###.####
.# ......Sg...........
.. ..>....###.########
. .......
#.############# .##.###
#.............. #.
############### . .


You could see a quokka, a hobgoblin and a ball python.

Vanquished Creatures
  A dart slug (D:1)
  A goblin (D:1)
  2 hobgoblins (D:1)
  A kobold (D:1)
  A bat (D:1)
  8 rats (D:1)
14 creatures vanquished.

Notes
Turn   | Place    | Note
-------+----------+-------------------------------------------
     0 | D:1      | ytrimaz the Octopode Transmuter began the quest for the
                  | Orb.
     0 | D:1      | Reached XP level 1. HP: 13/13 MP: 3/3
   381 | D:1      | Reached XP level 2. HP: 14/18 MP: 3/5
   705 | D:1      | Learned a level 2 spell: Wereblood
   933 | D:1      | Slain by a hobgoblin

Illustrated notes

Levels and vault maps discovered:
D:1:      heliophobic_arrival_battle_scene, layout_loops_ring,
          chequers_serial_rivers_micro_a, minmay_misc_feat_rugged,
          minmay_rat_gold_closets

Action                   || total
-------------------------++-------
Melee: Unarmed           ||    29
       Constrict         ||     7
       Kick              ||     2
       Tentacles         ||     2
 Cast: Beastly Appendage ||    13
  Use: Scroll            ||     3
 Stab: Sleeping          ||     2
Armor: Skin              ||     2
Dodge: Dodged            ||    22

Table legend: (Time is in decaauts)
 A = Elapsed time spent in this place.
 B = Non-inter-level travel time spent in this place.
 C = Inter-level travel time spent in this place.
 D = Time resting spent in this place.
 E = Time spent auto-exploring this place.
 F = Levels seen in this place.
 G = Mean time per level.
                   A        B        C        D        E       F      G
               +--------+--------+--------+--------+--------+-----+--------+
         Total |    931 |    931 |      0 |      0 |    800 |   1 |  931.0 |
       Dungeon |    931 |    931 |      0 |      0 |    800 |   1 |  931.0 |
               +--------+--------+--------+--------+--------+-----+--------+

Top non-repeatable levels by time:
     D:1: 931 daAuts
